 Dungeon Crawl Stone Soup version 0.27-a0-789-g6bb3289e1e (webtiles) character file.

Game seed: 16629130309616310361

79 stormannn the Magician (level 4, -13/32 HPs)
             Began as a Djinni Hedge Wizard on Mar 26, 2021.
             Killed from afar by Ijyb (14 damage)
             ... with an iceblast
             ... on level 3 of the Dungeon.
             The game lasted 00:04:46 (3106 turns).

stormannn the Magician (Djinni Hedge Wizard)        Turns: 3106, Time: 00:04:47

Health: -13/32     AC:  2    Str:  9    XL:     4   Next: 38%
Gold:   111        EV: 12    Int: 17    God:
                   SH:  0    Dex: 12

rFire    + + .     SeeInvis .   m - +2 dagger (venom)
rCold    x . .     Faith    .   (no shield)
rNeg     . . .     Spirit   .   b - +0 robe
rPois    ∞         Reflect  .   c - +0 hat
rElec    .         Harm     .   (no cloak)
rCorr    .         Rampage  .   (no gloves)
Will     .....                  (boots unavailable)
Stlth    ++........             (no amulet)
HPRegen  0.10/turn              (no ring)
MPRegen  0.00/turn              (no ring)

@: flying, hasted, very quick
A: fire resistance 2, cold vulnerability 1, float, innate caster, hp casting,
extra vitality 1
a: no special abilities


You were on level 3 of the Dungeon.
You visited 1 branch of the dungeon, and saw 3 of its levels.

You collected 111 gold pieces.

Inventory:

Hand Weapons
 m - a +2 dagger of venom (weapon)
Armour
 b - a +0 robe (worn)
 c - a +0 hat (worn)
Scrolls
 d - a scroll of immolation {unknown}
 f - 2 scrolls of fear {unknown}
 g - a scroll of magic mapping {unknown}
 h - a scroll of identify {unknown}
 j - a scroll of teleportation {unknown}
 k - a scroll of silence {unknown}
Potions
 e - a potion of cancellation {unknown}
 i - a potion of curing {unknown}
 l - a potion of haste
 n - a potion of brilliance {unknown}


   Skills:
 + Level 1.6 Fighting
 + Level 3.0 Dodging
 - Level 1.5 Stealth
 * Level 3.6 Spellcasting


You couldn't memorise any spells.
You knew the following spells:

 Your Spells              Type           Power      Damage    Failure   Level
a - Magic Dart            Conj           60%        1d6       3%          1
b - Blink                 Tloc           N/A        N/A       5%          2
c - Call Imp              Summ           15%        N/A       5%          2
d - Slow                  Hex            15%        N/A       5%          2
e - Conjure Flame         Conj/Fire      15%        6-21      11%         3
f - Mephitic Cloud        Conj/Pois/Air  15%        N/A       11%         3
g - Pain                  Necr           60%        1d7       3%          1
Your spell library was empty.

Dungeon Overview and Level Annotations

Branches:
Dungeon (3/15)

Altars:

Annotations:
D:3 Ijyb


Innate Abilities, Weirdness & Mutations

You are immune to poison.
Your flesh is very heat resistant. (rF++)
You are vulnerable to cold. (rC-)
You float through the air rather than walking.
You learn spells naturally, not from books.
Your magical power is your life essence.
You have superior vitality. (+4 HP)


Message History

Press: ? - help, . - travel You can't see that place.
Unknown command.
Casting: Call Imp (safe; 5% risk of failure)
Confirm with . or Enter, or press ? or * to list all spells.
Aiming: Magic Dart (safe; 3% risk of failure)
Press: ? - help, Shift-Dir - straight line, f - Ijyb
Aim: Ijyb, wielding a +0 club, wearing a +0 ring mail and carrying a wand of iceblast (10) (moderately wounded, 0% to evade)
The magic dart hits Ijyb.
Ijyb is heavily wounded.
Casting: Magic Dart (safe; 3% risk of failure)
Confirm with . or Enter, or press ? or * to list all spells.
Aiming: Magic Dart (safe; 3% risk of failure)
Press: ? - help, Shift-Dir - straight line, f/p - Ijyb
Aim: Ijyb, wielding a +0 club, wearing a +0 ring mail and carrying a wand of iceblast (10) (heavily wounded, 0% to evade)
The magic dart hits Ijyb.
Ijyb is heavily wounded.
Ijyb zaps a wand.
The mass of ice explodes!
The iceblast engulfs you!!
You feel a painful chill!
Ouch! That really hurt!
You hear a shout!
Casting: Magic Dart (safe; 3% risk of failure)
Confirm with . or Enter, or press ? or * to list all spells.
Aiming: Magic Dart (safe; 3% risk of failure)
Press: ? - help, Shift-Dir - straight line, f/p - Ijyb
Aim: Ijyb, wielding a +0 club, wearing a +0 ring mail and carrying a wand of iceblast (9) (heavily wounded, 0% to evade)
The magic dart hits Ijyb.
Ijyb is heavily wounded.
* * * LOW HITPOINT WARNING * * *
You hear a shout! x2
Ijyb zaps a wand.
The mass of ice explodes!
The iceblast engulfs you!
You feel a painful chill!
* * * LOW HITPOINT WARNING * * *
You hear a shout!
Casting: Magic Dart (safe; 3% risk of failure)
Confirm with . or Enter, or press ? or * to list all spells.
You don't have enough health to cast this spell.
It was a potion of haste.
You feel yourself speed up.
Ijyb zaps a wand.
The mass of ice explodes!
The iceblast engulfs you!
You feel a painful chill!
You die...

#######
###......
##<.......
###..##..###
#...####.###
###@.g.....##
######....###
##†....######
###.........
###..#####
##.# .# ..
...


You could see Ijyb.

Vanquished Creatures
  A gnoll (D:1)
  2 adders (D:2)
  A shadow imp (D:2)
  A dart slug (D:1)
  4 ball pythons
  An endoplasm (D:1)
  2 giant cockroaches (D:1)
  2 goblins
  4 hobgoblins
  3 quokkas (D:1)
  9 bats
  3 frilled lizards
  2 kobolds (D:1)
  9 rats
44 creatures vanquished.

Vanquished Creatures (collateral kills)
  An endoplasm (D:3)
  A quokka (D:1)
  A ball python (D:1)
3 creatures vanquished.

Grand Total: 47 creatures vanquished

Notes
Turn   | Place    | Note
-------+----------+-------------------------------------------
     0 | D:1      | stormannn the Djinni Hedge Wizard began the quest for the
                  | Orb.
     0 | D:1      | Reached XP level 1. HP: 15/15 MP: 0/0
   205 | D:1      | Reached XP level 2. HP: 18/22 MP: 0/0
   903 | D:1      | Reached skill level 1 in Fighting
  1176 | D:1      | Reached XP level 3. HP: 25/27 MP: 0/0
  1176 | D:1      | Learned a level 1 spell: Pain
  2061 | D:2      | Reached XP level 4. HP: 21/32 MP: 0/0
  3084 | D:3      | Noticed Ijyb
  3105 | D:3      | HP: 1/32 [Ijyb/iceblast (8)]
  3106 | D:3      | Killed from afar by Ijyb

Illustrated notes

Levels and vault maps discovered:
D:1:      roderic_octagonal_star, layout_loops_ring
D:2:      layout_basic, serial_curves, eino_curves_03, eino_curves_02,
          eino_curves_03, eino_curves_01, kennysheep_generic_room_2
D:3:      layout_rooms, chequers_temple_overflow_statue_of_worship,
          serial_shops, nicolae_shop_trees, gammafunk_ghost_nasty_kobolds,
          feat_on_display, uniq_ijyb, uniq_crazy_yiuf_cottage

Skill      XL: |  1  2  3 |
---------------+----------+-----
Spellcasting   | 3 |  3.6
Fighting       | 1 |  1.6
Dodging        | 3 |  3.0
Stealth        | |  1.5

Action                   |  1- 3 |  4- 6 || total
-------------------------+-------+-------++-------
Melee: Dagger            |     3 |       ||     3
 Cast: Magic Dart        |    78 |    19 ||    97
       Call Imp          |     4 |     1 ||     5
  Use: Potion            |       |     1 ||     1
 Stab: Sleeping          |     1 |       ||     1
Armor: Robe              |     5 |       ||     5
Dodge: Dodged            |     8 |       ||     8

Table legend: (Time is in decaauts)
 A = Elapsed time spent in this place.
 B = Non-inter-level travel time spent in this place.
 C = Inter-level travel time spent in this place.
 D = Time resting spent in this place.
 E = Time spent auto-exploring this place.
 F = Levels seen in this place.
 G = Mean time per level.
                   A        B        C        D        E       F      G
               +--------+--------+--------+--------+--------+-----+--------+
         Total |   3104 |   3071 |     33 |   1152 |   1680 |   3 | 1034.7 |
       Dungeon |   3104 |   3071 |     33 |   1152 |   1680 |   3 | 1034.7 |
               +--------+--------+--------+--------+--------+-----+--------+

Top non-repeatable levels by time:
     D:1: 1707 daAuts
     D:2: 1357 daAuts
     D:3: 40 daAuts
